Map: [ESL] Waterfall

Players

Reaper

  • Race: Zerg Zerg
  • Spawn Location: 1:00

PattyMac - Winner!

  • Race: Protoss Protoss
  • Spawn Location: 7:00

Event: DreamHack SC2 Masters 2022 Atlanta (Online)

VOD

Have the link to the VOD?

Description

Time

  • Played on: Oct. 4, 2022, 5:34 p.m.
  • Length: 10:45

All games in this series

Show
View Real Time Build Order
Export as new Build Order

Reaper Zerg 

Build Orders: Pool First 

Get SALT Encoding   

  12  0:00  Drone  
  13  0:07  Drone  
  14  0:14  Extractor  
  14  0:15  Drone  
  14  0:32  Spawning Pool  
  14  0:35  Drone  
  14  0:45  Overlord  
  14  0:51  Extractor  
  14  0:53  Drone  
  15  1:14  Drone  
  16  1:19  Metabolic Boost  
  16  1:21  Zergling x4  
  20  1:47  Overlord  
  20  1:51  Drone x2  
  22  1:57  Hatchery  
  19  2:05  Drone  
  20  2:25  Hatchery  
  19  2:34  Zergling x6  
  22  2:41  Queen  
  24  2:45  Drone  
  25  3:04  Drone  
  25  3:07  Drone  
  25  3:09  Queen  
  25  3:10  Drone  
  29  3:18  Drone  
  30  3:21  Drone  
  30  3:25  Spore Crawler  
  30  3:26  Queen  
  32  3:30  Drone x2  
  34  3:40  Drone x2  
  36  3:52  Drone x5  
  36  3:54  Overlord  
  41  3:57  Drone  
  42  4:08  Lair  
  42  4:11  Extractor  
  42  4:12  Overlord  
  41  4:18  Drone x3  
  41  4:19  Drone  
  45  4:26  Baneling Nest  
  45  4:29  Drone x4  
  48  4:39  Overlord  
  48  4:43  Drone x5  
  53  4:48  Spore Crawler  
  53  4:52  Extractor  
  51  4:53  Extractor  
  51  4:54  Overlord  
  51  4:55  Overlord  
  50  5:04  Zergling x10  
  54  5:12  Spire  
  53  5:18  Drone x2  
  55  5:23  Baneling x2  
  55  5:24  Baneling x2  
  55  5:25  Queen  
  57  5:29  Drone x2  
  57  5:30  Overlord  
  57  5:34  Spore Crawler  
  56  5:52  Drone x9  
  65  5:57  Queen  
  67  6:04  Queen  
  69  6:11  Overlord  
  69  6:18  Drone  
  69  6:20  Overlord x3  
  69  6:23  Overseer  
  70  6:26  Zerg Flyer Weapons Level 1  
  70  6:32  Overlord  
  70  6:45  Queen  
  72  6:52  Corruptor x2  
  72  6:53  Corruptor x3  
  82  6:56  Zergling x12  
  83  7:19  Mutalisk x5  
  86  7:25  Overlord x2  
  86  7:26  Zergling x12  
  89  7:31  Zergling x4  
  91  7:37  Overlord  
  91  7:42  Corruptor  
  91  7:43  Zergling x2  
  95  7:51  Zergling x2  
  92  8:06  Mutalisk x2  
  92  8:08  Drone  
  92  8:09  Drone x7  
  92  8:19  Drone x5  
  88  8:20  Zerg Flyer Armor Level 1  
  88  8:21  Extractor  
  88  8:22  Extractor  
  84  8:33  Mutalisk x3  
  90  8:34  Queen x2  
  90  8:35  Queen  
  90  8:40  Overlord x2  
  96  8:46  Drone x2, Spine Crawler x2  
  96  8:51  Drone  
  96  8:52  Hatchery  
  96  8:57  Drone x4  
  96  9:01  Roach Warren, Evolution Chamber  
  98  9:09  Overlord  
  98  9:10  Drone  
  98  9:11  Centrifugal Hooks  
  98  9:12  Zergling x10  
  98  9:15  Overseer  
  103  9:25  Zergling x14  
  106  9:33  Overlord  
  106  9:34  Overlord  
  106  9:39  Hatchery  
  106  9:45  Roach x8  
  117  9:55  Roach  
  117  9:59  Roach x5  
  129  10:04  Roach  
  129  10:06  Ravager x8  
  139  10:07  Overlord  
  139  10:16  Baneling x8  
  134  10:25  Roach x4  
Show
View Real Time Build Order
Export as new Build Order

PattyMac Protoss - Winner!

Build Orders: Oracle Opening, Zealot Archon 

Get SALT Encoding   

  12  0:00  Probe  
  13  0:12  Probe  
  14  0:17  Pylon  
  14  0:24  Probe (Chrono Boost)  
  15  0:36  Probe (Chrono Boost)  
  15  0:39  Gateway  
  16  0:45  Probe (Chrono Boost)  
  16  0:47  Assimilator  
  17  0:51  Probe  
  18  1:03  Probe  
  19  1:15  Probe  
  20  1:19  Pylon  
  20  1:26  Cybernetics Core  
  20  1:27  Zealot (Chrono Boost)  
  22  1:33  Gateway  
  22  1:37  Probe  
  22  1:47  Zealot (Chrono Boost)  
  22  1:49  Probe  
  22  1:50  Assimilator  
  25  1:55  Pylon  
  25  1:58  Pylon  
  26  2:06  Warp Gate  
  25  2:08  Adept (Chrono Boost)  
  25  2:09  Probe  
  28  2:22  Probe  
  31  2:25  Stalker (Chrono Boost)  
  31  2:28  Shield Battery  
  33  3:01  Nexus  
  33  3:02  Probe  
  30  3:06  Stargate  
  30  3:16  Probe (Chrono Boost)  
  31  3:25  Probe (Chrono Boost), Pylon  
  32  3:31  Probe  
  33  3:43  Probe  
  34  3:49  Gateway  
  34  3:52  Oracle (Chrono Boost)  
  37  3:57  Adept x2  
  37  4:00  Probe  
  42  4:12  Probe  
  43  4:17  Probe  
  43  4:23  Pylon  
  44  4:25  Oracle (Chrono Boost)  
  44  4:27  Probe  
  44  4:30  Adept  
  50  4:34  Probe  
  51  4:40  Probe  
  52  4:46  Probe  
  52  4:52  Nexus  
  53  4:53  Probe  
  55  5:00  Probe  
  55  5:03  Oracle  
  55  5:06  Probe  
  59  5:10  Twilight Council  
  59  5:13  Probe  
  60  5:18  Probe  
  61  5:22  Assimilator  
  61  5:24  Assimilator  
  61  5:25  Probe  
  61  5:26  Forge  
  62  5:30  Probe  
  62  5:35  Pylon  
  63  5:37  Probe  
  63  5:42  Probe  
  65  5:49  Probe  
  66  5:54  Probe  
  66  5:55  Pylon  
  67  5:57  Gateway  
  67  5:58  Protoss Ground Weapons Level 1 (Chrono Boost)  
  67  5:59  Gateway  
  67  6:06  Probe  
  67  6:07  Charge (Chrono Boost), Probe  
  67  6:08  Shield Battery  
  70  6:11  Probe  
  70  6:17  Phoenix (Chrono Boost)  
  72  6:18  Probe  
  72  6:21  Probe  
  72  6:22  Stargate  
  72  6:24  Dark Shrine  
  75  6:25  Probe  
  75  6:31  Probe  
  76  6:33  Probe  
  76  6:37  Zealot x2, Probe  
  82  6:41  Phoenix  
  82  6:45  Zealot  
  82  6:46  Probe  
  82  6:47  Probe  
  88  6:50  Pylon  
  88  6:53  Shield Battery  
  88  6:58  Probe  
  89  7:04  Probe  
  89  7:05  Probe  
  89  7:06  Phoenix  
  89  7:08  Assimilator  
  93  7:12  Assimilator  
  83  7:18  Probe  
  83  7:20  Probe  
  78  7:23  Phoenix  
  78  7:24  Probe  
  79  7:31  Probe, Pylon  
  79  7:32  Probe  
  79  7:35  Robotics Facility  
  79  7:37  Probe  
  82  7:39  Dark Templar x3  
  82  7:40  Zealot, Dark Templar  
  92  7:48  Gateway  
  92  7:49  Gateway  
  92  7:50  Archon x2  
  92  7:51  Gateway  
  92  7:54  Probe x2  
  94  8:02  Zealot  
  90  8:16  Zealot x3  
  94  8:20  Immortal (Chrono Boost)  
  94  8:26  Dark Templar x2  
  102  8:28  Protoss Ground Weapons Level 2 (Chrono Boost)  
  102  8:30  Photon Cannon  
  102  8:35  Archon  
  102  8:36  Photon Cannon  
  102  8:37  Shield Battery  
  102  8:39  Nexus  
  102  8:40  Pylon  
  102  8:48  Dark Templar x3  
  108  8:49  Dark Templar  
  108  8:52  Dark Templar  
  108  8:54  Archon  
  112  9:01  Photon Cannon, Pylon  
  112  9:03  Immortal (Chrono Boost)  
  112  9:09  Archon, Stalker  
  118  9:17  Robotics Bay  
  118  9:28  Stalker x4  
  121  9:39  Immortal  
  121  9:41  Probe  
  121  9:57  Zealot x5, Dark Templar x2  
  135  10:00  Probe x2  
  135  10:04  Archon  
  133  10:09  Robotics Facility  
  133  10:12  Probe x3  
  133  10:13  Probe  
  133  10:31  Zealot x5  
  131  10:39  Assimilator  
  126  10:43  Assimilator  
Tags
 
Add a new tag
Caveats
  • Supply blocks, unpowered buildings, or Contaminate may cause inaccurate times.
  • Supply counts are checked every 10 seconds.